Map: Acid Plant LE

Players

Infamous - Winner!

  • Race: Protoss Protoss
  • League: Silver
  • Spawn Location: 11:00

Saduto

  • Race: Protoss Protoss
  • Spawn Location: 5:00

VOD

Have the link to the VOD?

Description

Time

  • Played on: March 19, 2018, 10:41 a.m.
  • Length: 6:14
Show
View Real Time Build Order
Export as new Build Order

Infamous Protoss - Winner!

Build Orders:  

Get SALT Encoding   

  12  0:01  Probe  
  13  0:14  Probe (Chrono Boost)  
  14  0:20  Pylon  
  14  0:26  Probe (Chrono Boost)  
  15  0:38  Probe (Chrono Boost)  
  15  0:39  Gateway  
  16  0:57  Probe (Chrono Boost)  
  16  1:00  Assimilator  
  17  1:09  Probe (Chrono Boost)  
  18  1:15  Probe (Chrono Boost), Pylon  
  19  1:29  Cybernetics Core, Zealot  
  19  1:31  Probe  
  22  1:39  Pylon  
  22  1:43  Probe  
  23  1:55  Probe  
  23  1:56  Assimilator  
  23  2:01  Warp Gate (Chrono Boost)  
  24  2:10  Probe  
  24  2:11  Gateway  
  25  2:22  Probe  
  26  2:23  Adept  
  28  2:33  Gateway  
  28  2:44  Robotics Facility  
  28  2:45  Probe  
  29  2:57  Adept  
  31  2:58  Probe  
  31  3:00  Pylon  
  31  3:04  Pylon  
  32  3:14  Gateway  
  32  3:16  Probe  
  33  3:30  Probe  
  33  3:31  Observer  
  35  3:46  Nexus  
  35  3:50  Probe  
  36  4:03  Probe  
  36  4:06  Immortal (Chrono Boost)  
  36  4:08  Sentry  
  41  4:37  Stalker  
  41  4:38  Zealot x2  
  43  4:42  Probe  
  45  4:50  Gateway  
  45  4:51  Gateway  
  45  4:59  Stalker  
  47  5:06  Zealot x2  
  51  5:10  Probe  
  52  5:18  Probe  
  52  5:20  Assimilator  
  53  5:24  Assimilator  
  53  5:25  Sentry  
  53  5:27  Sentry  
  51  5:53  Stalker x2  
  51  5:54  Stalker  
Show
View Real Time Build Order
Export as new Build Order

Saduto Protoss 

Build Orders:  

Get SALT Encoding   

  12  0:15  Pylon  
  12  0:21  Assimilator  
  12  0:46  Probe  
  13  0:58  Probe, Assimilator  
  14  1:10  Probe  
  15  1:22  Probe (Chrono Boost)  
  17  1:33  Probe (Chrono Boost)  
  17  2:07  Gateway  
  17  2:47  Forge  
  17  2:50  Pylon  
  17  2:54  Pylon  
  17  2:58  Zealot  
  19  3:01  Pylon  
  19  3:16  Cybernetics Core  
  19  3:18  Gateway  
  19  3:25  Zealot  
  21  3:34  Pylon  
  21  3:45  Pylon  
  21  3:52  Zealot  
  23  4:19  Zealot  
  23  4:20  Pylon  
  23  4:46  Zealot  
  21  5:02  Photon Cannon  
  19  5:07  Photon Cannon  
  19  5:22  Zealot  
  19  5:23  Zealot  
  23  5:41  Shield Battery  
Tags
 
League
Silver
Matchup
PvP
Replay Pack
Last Remnant (2)
Spawn Locations
Cross Positions
Add a new tag
Caveats
  • Supply blocks, unpowered buildings, or Contaminate may cause inaccurate times.
  • Supply counts are checked every 10 seconds.